 Dungeon Crawl Stone Soup version 0.27-a0-277-g024f7ef292 (webtiles) character file.

Game seed: 5844581912640164661

90 Borgoz the Slasher (level 4, -2/37 HPs)
             Began as a Ghoul Gladiator on Feb 5, 2021.
             Slain by an orc wizard
             ... wielding a +0 dagger
              (3 damage)
             ... on level 3 of the Dungeon.
             The game lasted 00:01:52 (1789 turns).

Borgoz the Slasher (Ghoul Gladiator)                Turns: 1789, Time: 00:01:53

Health: -2/37      AC:  4    Str: 15 (17) XL:     4   Next: 56%
Magic:  3/3        EV: 12    Int:  2 (3)  God:
Gold:   122        SH:  0    Dex:  8 (11) Spells: 3/3 levels left

rFire    . . .     SeeInvis .   a - +0 long sword
rCold    + . .     Faith    .   (no shield)
rNeg     + + +     Spirit   .   b - +0 leather armour
rPois    ∞         Reflect  .   c - +0 helmet
rElec    .         Harm     .   (no cloak)
rCorr    .         Rampage  .   (no gloves)
Will     .....                  (no boots)
Stlth    ..........             (no amulet)
HPRegen  0.00/turn              (no ring)
MPRegen  0.08/turn              (no ring)

@: confused, mighty
A: claws 1, cold resistance 1, negative energy resistance 3, inhibited
regeneration, torment resistance, unbreathing
a: no special abilities


You were on level 3 of the Dungeon.
You visited 1 branch of the dungeon, and saw 3 of its levels.

You collected 122 gold pieces.

Inventory:

Hand Weapons
 a - a +0 long sword (weapon)
Missiles
 d - 3 throwing nets (quivered)
Armour
 b - a +0 leather armour (worn)
 c - a +0 helmet (worn)
Scrolls
 f - a scroll of remove curse
 g - a scroll of identify {unknown}
 h - 2 scrolls of teleportation {unknown}
 i - a scroll of fog {unknown}
 j - a scroll of noise {unknown}
 l - a scroll of enchant armour {unknown}


   Skills:
 + Level 2.9 Fighting
 * Level 3.5 Long Blades
 - Level 1.7 Throwing
 + Level 1.2 Armour
 * Level 3.4 Dodging


You had 3 spell levels left.
You didn't know any spells.
Your spell library was empty.

Dungeon Overview and Level Annotations

Branches:
Dungeon (2/15)

Altars:


Innate Abilities, Weirdness & Mutations

You thrive by killing the living.
You are immune to poison.
You have sharp fingernails.
Your flesh is cold resistant. (rC+)
You are immune to negative energy. (rN+++)
You do not regenerate when monsters are visible.
You are immune to unholy pain and torment.
You can survive without breathing.


Message History

* * * LOW HITPOINT WARNING * * *
Something hits you.
* * * LOW HITPOINT WARNING * * *
You feel better. Something barely misses you. Something hits you.
* * * LOW HITPOINT WARNING * * *
It was a potion of might.
You feel very mighty all of a sudden. Something completely misses you.
Something hits you.
* * * LOW HITPOINT WARNING * * *
You hear some strange, mumbled words.
A puff of flame appears from out of thin air!
The puff of flame misses you.
You hear some strange, mumbled words.
You are confused.
Something hits you.
* * * LOW HITPOINT WARNING * * *
Something hits you but does no damage.
You completely miss something.
Something hits you but does no damage. x2
You bump into the rock wall.
Something hits you.
You die...

######## #......# #
#####......# ..
#..^.......##...
########@##..>....'...
#.......{{........#
#...###....###....##...
#..[#..#...#........
#.⌠.#..#.⌠.#.#######
#...#≈≈#...#.....####
.≈###≈≈≈≈###≈........#
... ≈≈≈≈≈≈≈≈......##.#
....
≈≈≈≈≈≈≈≈≈......##.##


There were no monsters in sight!

Vanquished Creatures
  An orc priest (D:3)
  2 adders (D:3)
  3 leopard geckos
  An orc (D:3)
  8 bats
  2 giant cockroaches (D:1)
  5 goblins
  3 hobgoblins
  4 jackals (D:1)
  A quokka (D:3)
  A frilled lizard (D:1)
  4 kobolds
  3 rats
38 creatures vanquished.

Notes
Turn   | Place    | Note
-------+----------+-------------------------------------------
     0 | D:1      | Borgoz the Ghoul Gladiator began the quest for the Orb.
     0 | D:1      | Reached XP level 1. HP: 17/17 MP: 0/0
   191 | D:1      | Reached XP level 2. HP: 18/25 MP: 1/1
  1189 | D:1      | Reached XP level 3. HP: 30/30 MP: 2/2
  1516 | D:2      | You fall into a shaft and drop 1 floor!
  1677 | D:3      | Reached skill level 1 in Armour
  1691 | D:3      | Reached XP level 4. HP: 33/37 MP: 3/3
  1782 | D:3      | HP: 1/37 [something (2)]
  1787 | D:3      | HP: 1/37 [something (3)]
  1789 | D:3      | Slain by an orc wizard

Illustrated notes

Levels and vault maps discovered:
D:1:      sevenhm_arrival_forest_fort_large_1, layout_basic,
          hangedman_abyss_or_decor_lesser_grid, minmay_split_cup_small
D:2:      kb_forest_paths, layout_loops_ring, minmay_tromino_v2, uniq_jessica
D:3:      minmay_angry_zag, layout_basic, fountainhead,
          nicolae_ru_the_path_less_chosen

Skill      XL: |  1  2  3 |
---------------+----------+-----
Long Blades    | 3 |  3.5
Dodging        | 3 |  3.4
Armour         | 1 |  1.2
Fighting       | |  2.9
Throwing       | |  1.7

Action                   |  1- 3 |  4- 6 || total
-------------------------+-------+-------++-------
Melee: Long sword        |    87 |    28 ||   115
  Use: Scroll            |     2 |       ||     2
       Potion            |       |     4 ||     4
Armor: Leather armour    |    30 |     7 ||    37
Dodge: Dodged            |    83 |    16 ||    99
       Rpst.: Long sword |    28 |     2 ||    30

Table legend: (Time is in decaauts)
 A = Elapsed time spent in this place.
 B = Non-inter-level travel time spent in this place.
 C = Inter-level travel time spent in this place.
 D = Time resting spent in this place.
 E = Time spent auto-exploring this place.
 F = Levels seen in this place.
 G = Mean time per level.
                   A        B        C        D        E       F      G
               +--------+--------+--------+--------+--------+-----+--------+
         Total |   1821 |   1801 |     20 |      0 |   1488 |   3 |  607.0 |
       Dungeon |   1821 |   1801 |     20 |      0 |   1488 |   3 |  607.0 |
               +--------+--------+--------+--------+--------+-----+--------+

Top non-repeatable levels by time:
     D:1: 1382 daAuts
     D:3: 284 daAuts
     D:2: 154 daAuts
